 Dungeon Crawl Stone Soup version 0.31-a0-4-gefa6de2278 (webtiles) character file.

Game seed: 16909110429854224166

24697 Ahpoh the Carver (level 13, -1/105 HPs)
             Began as a Vine Stalker Monk on May 4, 2023.
             Was an Elder of Trog.
             Succumbed to a skeletal warrior's poison
             ... on level 13 of the Dungeon.
             The game lasted 00:37:24 (13318 turns).

Ahpoh the Carver (Vine Stalker Monk)               Turns: 13318, Time: 00:37:25

Health: -1/105     AC: 17    Str: 25    XL:     13   Next: 14%
Magic:  5/14       EV: 11    Int: 12    God:    Trog [****..]
Gold:   623        SH:  5    Dex: 31    Spells: 12/12 levels left

rFire   x . .        K - +1 triple sword
rCold   . . .        (shield currently unavailable)
rNeg    . . .        u - +0 plate armour
rPois   .            o - +0 helmet
rElec   .            r - +1 cloak
rCorr   .            (no gloves)
SInv    +            (no boots)
Will    +....        J - amulet "Kafaekum" {Reflect Str+5 Int+2 Dex+3 SH+5 Stlth-} Stlth
                     H - ring of Iriocij {rF- Dex+6 Slay+5 SInv Stlth-}
HPRegen 1.17/turn    F - +6 ring of strength
MPRegen 0.14/turn

%: reflection, guardian spirit
@: berserking, lethally poisoned (-1 -> -23), studying Unarmed Combat, very
quick
A: fangs 3, regeneration 1, magic shield, antimagic bite, no potion heal 2
a: Renounce Religion, Berserk, Trog's Hand, Brothers in Arms


You were on level 13 of the Dungeon.
You worshipped Trog.
Trog was greatly pleased with you.
You visited 2 branches of the dungeon, and saw 15 of its levels.

You collected 866 gold pieces.
You spent 243 gold pieces at shops.

Inventory:

Hand Weapons
 v - a +7 long sword
 B - a +0 arbalest
 K - a +1 triple sword (weapon)
Armour
 d - an orb of light
 o - a +0 helmet (worn)
 r - a +1 cloak (worn)
 t - a +0 buckler
 u - a +0 plate armour (worn)
Jewellery
 x - a +5 ring of evasion
 C - a +6 ring of intelligence
 F - a +6 ring of strength (right hand)
 G - a ring of fire
 H - the ring of Iriocij (left hand) {rF- Dex+6 Slay+5 SInv Stlth-}
   (You acquired it on level 13 of the Dungeon)

   [ring of dexterity]

   Dex:       It affects your dexterity (+6).
   Slay:      It affects your accuracy & damage with ranged weapons and melee
   (+5).
   rF:        It makes you vulnerable to fire.
   SInv:      It lets you see invisible.
   Stlth:     It makes you less stealthy.
 J - the amulet "Kafaekum" (around neck) {Reflect Str+5 Int+2 Dex+3 SH+5 Stlth-}
   (You acquired it on level 11 of the Dungeon)

   [amulet of reflection]

   It reflects blocked missile attacks.
   Str:       It affects your strength (+5).
   Int:       It affects your intelligence (+2).
   Dex:       It affects your dexterity (+3).
   SH:        It affects your SH (+5).
   Stlth:     It makes you less stealthy.
 M - a ring of positive energy
Wands
 a - a wand of digging (5)
 A - a wand of roots (23)
 P - a wand of charming (3)
Scrolls
 e - 6 scrolls of teleportation
 g - 3 scrolls of fog
 i - 2 scrolls of poison
 l - 2 scrolls of amnesia
 m - 4 scrolls of magic mapping
 n - 3 scrolls of fear
 q - 4 scrolls of torment
 y - a scroll of enchant armour
 D - a scroll of silence
Potions
 b - 5 potions of curing
 c - 3 potions of ambrosia
 f - 3 potions of haste
 h - a potion of heal wounds {unknown}
 j - 3 potions of attraction
 k - 3 potions of invisibility
 p - a potion of resistance
 s - 5 potions of flight
 w - 3 potions of lignification
 z - 2 potions of brilliance
 E - 2 potions of mutation
 L - a potion of might
 O - a potion of magic


   Skills:
 + Level 9.4 Fighting
 + Level 14.4 Long Blades
 + Level 8.1 Armour
 + Level 4.6 Dodging
 + Level 3.4 Stealth
 + Level 4.2 Shields
 + Level 0.1 Evocations


You had 12 spell levels left.
You didn't know any spells.
Your spell library was empty.

Dungeon Overview and Level Annotations

Branches:
Dungeon (14/15)            Temple (1/1) D:6            Lair (0/5) D:9
 Vaults (0/5) D:13
    Orc: D:9-12

Altars:
Ashenzari
Cheibriados
Dithmenos
Elyvilon
Fedhas
Gozag
Hepliaklqana
Kikubaaqudgha
Makhleb
Okawaru
Qazlal
Ru
Sif Muna
Trog
Uskayaw
Vehumet
Wu Jian
Xom
Yredelemnul
Zin
The Shining One

Shops:
D:3 *   D:10 =

Annotations:
D:5 3 runed translucent doors, Pimp's ghost, novice OgGl


Innate Abilities, Weirdness & Mutations

You have razor-sharp teeth.
Your natural rate of healing is unusually fast.
When hurt, damage is shared between your health and your magic reserves.
Your bite disrupts and absorbs the magic of your enemies.
Potions cannot restore your health.


Message History

The skeletal warrior is heavily damaged.
The skeletal warrior hits you with a +0 glaive!
The skeletal warrior throws a stone.
The stone hits you!
You hit the skeletal warrior.
You bite the skeletal warrior, but do no damage.
The skeletal warrior is heavily damaged.
The skeletal warrior hits you with a +0 glaive.
The skeletal warrior throws a stone.
The stone hits you.
You hit the skeletal warrior but do no damage.
The skeletal warrior is heavily damaged.
The skeletal warrior hits you with a +0 glaive!
You hit the skeletal warrior but do no damage.
You bite the skeletal warrior. You drain its power.
You feel invigorated.
The skeletal warrior is heavily damaged.
The skeletal warrior barely misses you.
The skeletal warrior hits you from afar with a +1 glaive of venom!
* * * LOW HITPOINT WARNING * * *
You are poisoned.
A red film seems to cover your vision as you go berserk!
You feel yourself moving faster!
You feel mighty!
You feel very sick.
The skeletal warrior completely misses you.
You block the skeletal warrior's attack.
You barely miss the skeletal warrior. You bite the skeletal warrior!
You drain its power.
You feel invigorated.
The skeletal warrior is severely damaged.
You feel sick.
You block the skeletal warrior's attack.
The skeletal warrior hits you from afar with a +1 glaive of venom!!
* * * LOW HITPOINT WARNING * * *
You are lethally poisoned!
You slice the skeletal warrior!!
You bite the skeletal warrior, but do no damage.
The skeletal warrior is almost destroyed.
* * * LOW HITPOINT WARNING * * *
You feel extremely sick.
You slice the skeletal warrior!!
You destroy the skeletal warrior!
Trog accepts your kill.
You die...

.........##.....##
#######..#######.######
#.....#..#.....#.##.#.###
#.....#..#.....#.#......#
#.....#..#.....#.#......#
#.....'..'.....#.......##
#.....'..'.....#..z.####
#######..#######)...##
.....)(.........@....####
....[[[................<#
####''#..#######........####
#.....#..'.....#.#.........#
#.....#..'.....###.........#
#.....#..#.....#...........#
#.....#..#.....#..........##
#∩....#..#.....#.........##
#######..#######.....##.##


You could see a skeletal warrior.

Vanquished Creatures
  Jorgrun (D:12)
  An ironbound preserver (D:13)
  Nessos (D:13)
  Josephine (D:12)
  3 centaur warriors (D:13)
  A catoblepas (D:13)
  A boulder beetle (D:13)
  4 two-headed ogres
  Urug (D:12)
  2 skeletal warriors
  Pikel (D:6)
  4 cyclopes
  2 deep elf pyromancers
  3 manticores
  Joseph (D:7)
  2 gargoyles (D:12)
  A komodo dragon (D:9)
  A troll (D:12)
  2 water elementals (D:11)
  4 slime creatures (D:12)
  A shadow (D:11)
  4 wraiths (D:12)
  12 yaks
  Grum (D:8)
  4 vampire mosquitoes (D:13)
  A steam dragon (D:9)
  An acid dragon (D:11)
  2 water moccasins
  An orc warrior (D:6)
  Duvessa (D:5)
  A sky beast (D:7)
  3 black bears
  4 ogres
  2 wolves (D:8)
  3 centaurs
  5 bullfrogs
  3 kobold brigands
  9 scorpions
  5 necrophages (D:5)
  10 wights
  Dowan (D:5)
  5 killer bees (D:8)
  10 howler monkeys
  3 electric eels (D:11)
  A bullfrog zombie (D:5)
  A human zombie (D:5)
  A jelly (D:7)
  3 hounds
  A sleepcap (D:8)
  2 gnoll boudas
  5 orc priests
  5 iguanas
  9 orc wizards
  2 scorpion zombies
  A killer bee zombie (D:5)
  2 hound zombies
  2 mummies
  Robin (D:2)
  4 adders
  11 gnolls
  3 shadow imps
  An ufetubus (D:6)
  3 adder zombies
  4 worms
  3 dart slugs
  27 orcs
  9 ball pythons
  2 bats
  4 endoplasms
  2 giant cockroaches (D:3)
  15 goblins
  7 hobgoblins
  13 jackals
  4 quokkas
  A frilled lizard (D:3)
  26 kobolds
  6 rats
310 creatures vanquished.

Vanquished Creatures (others)
  8 plants
8 creatures vanquished.

Grand Total: 318 creatures vanquished

Notes
Turn   | Place    | Note
-------+----------+-------------------------------------------
     0 | D:1      | Ahpoh the Vine Stalker Monk began the quest for the Orb.
     0 | D:1      | Reached XP level 1. HP: 11/11 MP: 2/2
    60 | D:1      | Reached XP level 2. HP: 10/16 MP: 1/3
   362 | D:1      | Reached skill level 3 in Long Blades
   485 | D:1      | Reached XP level 3. HP: 16/20 MP: 4/4
  1017 | D:2      | Noticed Robin
  1020 | D:2      | Gained mutation: Your natural rate of healing is unusually
                  | fast. [Vine Stalker growth]
  1020 | D:2      | Reached XP level 4. HP: 19/24 MP: 2/5
  1037 | D:2      | Killed Robin
  1753 | D:3      | Reached XP level 5. HP: 28/29 MP: 4/6
  2024 | D:3      | Found Cyemifol's Assorted Antiques.
  2254 | D:3      | Found a snail-covered altar of Cheibriados.
  2364 | D:4      | Reached skill level 4 in Long Blades
  2453 | D:4      | Found a basalt altar of Yredelemnul.
  2574 | D:4      | Reached skill level 1 in Stealth
  2574 | D:4      | Reached XP level 6. HP: 27/33 MP: 5/7
  2580 | D:4      | Found a stormy altar of Qazlal.
  2587 | D:4      | Noticed a black bear
  2706 | D:4      | Found a glowing golden altar of the Shining One.
  2889 | D:4      | Found a burning altar of Makhleb.
  2889 | D:4      | Noticed an Executioner
  3055 | D:4      | Killed a black bear
  3056 | D:4      | Reached skill level 5 in Long Blades
  3197 | D:5      | Entered Level 5 of the Dungeon
  3231 | D:5      | Reached XP level 7. HP: 8/37 MP: 1/8
  3391 | D:5      | Noticed Duvessa
  3393 | D:5      | Noticed Dowan
  3402 | D:5      | Killed Duvessa
  3403 | D:5      | Reached skill level 6 in Long Blades
  3415 | D:5      | Killed Dowan
  3522 | D:5      | Gained mutation: You have razor-sharp teeth. [Vine Stalker
                  | growth]
  3522 | D:5      | Reached XP level 8. HP: 42/42 MP: 9/9
  3574 | D:5      | Reached skill level 7 in Long Blades
  3745 | D:5      | Found a runed translucent gate.
  3745 | D:5      | Found a runed translucent gate.
  3745 | D:5      | Found a runed translucent gate.
  3750 | D:5      | Noticed Pimp's ghost (novice OgGl)
  3842 | D:5      | Reached skill level 1 in Armour
  4077 | D:5      | Found a radiant altar of Vehumet.
  4214 | D:5      | Reached skill level 5 in Fighting
  4214 | D:5      | Reached skill level 1 in Shields
  4220 | D:5      | Found an ancient bone altar of Kikubaaqudgha.
  4231 | D:5      | Reached skill level 8 in Long Blades
  4240 | D:5      | Reached XP level 9. HP: 46/47 MP: 10/10
  4497 | D:6      | Found a staircase to the Ecumenical Temple.
  4503 | Temple   | Entered the Ecumenical Temple
  4624 | Temple   | Became a worshipper of Trog the Wrathful
  4624 | Temple   | Reached * piety under Trog
  4624 | Temple   | Reached ** piety under Trog
  5422 | D:6      | Reached skill level 9 in Long Blades
  5642 | D:6      | Noticed Pikel
  5658 | D:6      | Killed Pikel
  6003 | D:7      | Reached XP level 10. HP: 50/51 MP: 11/11
  6258 | D:7      | Noticed Joseph
  6274 | D:7      | Killed Joseph
  6275 | D:7      | Reached skill level 10 in Long Blades
  6796 | D:8      | Noticed Grum
  6801 | D:8      | Reached *** piety under Trog
  6804 | D:8      | Killed Grum
  6851 | D:8      | Found an opulent altar of Gozag.
  7336 | D:8      | Found a blossoming altar of Fedhas.
  7957 | D:9      | Reached skill level 11 in Long Blades
  7964 | D:9      | Reached **** piety under Trog
  8166 | D:9      | Reached XP level 11. HP: 54/58 MP: 12/12
  8565 | D:9      | Found a staircase to the Lair.
  8590 | D:9      | Reached skill level 5 in Armour
  8744 | D:10     | Entered Level 10 of the Dungeon
  9191 | D:10     | Noticed a manticore
  9201 | D:10     | Killed a manticore
  9202 | D:10     | Found Amohepon's Jewellery Emporium.
  9427 | D:3      | Bought a scorched scale mail for 243 gold pieces
  9427 | D:3      | Identified the +4 scale mail of Defence {Will+ Int+8 Dex-3
                  | Slay-3} (You bought it in a shop on level 3 of the Dungeon)
  9729 | D:11     | Noticed a two-headed ogre
  9733 | D:11     | Killed a two-headed ogre
  9810 | D:11     | Identified the +8 dagger "Anef Wuk" {flame, rN++ Str-5
                  | Dex+4}
  9955 | D:11     | Noticed a manticore
  9975 | D:11     | Killed a manticore
 10127 | D:11     | Noticed a cyclops
 10134 | D:11     | Killed a cyclops
 10285 | D:11     | Identified 2 scrolls of acquirement
 10286 | D:11     | Acquired the amulet "Kafaekum" {Reflect Str+5 Int+2 Dex+3
                  | SH+5 Stlth-}
 10490 | D:11     | Reached skill level 12 in Long Blades
 10914 | D:12     | Noticed a two-headed ogre
 10922 | D:12     | Killed a two-headed ogre
 11017 | D:12     | Noticed a two-headed ogre
 11019 | D:12     | Killed a two-headed ogre
 11182 | D:12     | Noticed Urug
 11196 | D:12     | Killed Urug
 11395 | D:12     | Noticed a cyclops
 11408 | D:12     | Noticed Josephine
 11418 | D:12     | Killed Josephine
 11419 | D:12     | Reached XP level 12. HP: 61/65 MP: 10/13
 11504 | D:12     | Noticed a two-headed ogre
 11511 | D:12     | Killed a two-headed ogre
 11579 | D:12     | Reached skill level 13 in Long Blades
 11865 | D:12     | Noticed Jorgrun
 11881 | D:12     | Killed Jorgrun
 12444 | D:13     | Noticed a boulder beetle
 12460 | D:13     | Killed a boulder beetle
 12659 | D:13     | Found a gate to the Vaults.
 12659 | D:13     | Noticed an ironbound preserver
 12674 | D:13     | Killed an ironbound preserver
 12694 | D:13     | Noticed a centaur warrior
 12701 | D:13     | Killed a centaur warrior
 12703 | D:13     | Noticed a centaur warrior
 12706 | D:13     | Reached skill level 14 in Long Blades
 12706 | D:13     | Noticed a centaur warrior
 12716 | D:13     | Killed a centaur warrior
 12720 | D:13     | Killed a centaur warrior
 12721 | D:13     | Reached XP level 13. HP: 67/70 MP: 12/14
 12918 | D:13     | Noticed Nessos
 12927 | D:13     | Killed Nessos
 13237 | D:13     | Acquired the ring of Iriocij {rF- Dex+6 Slay+5 SInv Stlth-}
 13317 | D:13     | HP: 4/105 [poisoned by a skeletal warrior]
 13318 | D:13     | Succumbed to a skeletal warrior's poison

Illustrated notes

Levels and vault maps discovered:
D:1:      minmay_arrival_semitransparent, layout_loops_ring, minmay_door_square
D:2:      layout_basic, uniq_robin
D:3:      layout_basic, chei_slow_surprise, serial_shops, shop
D:4:      layout_cave_pools, lemuel_round_altar, tso_oasis_becter,
          nicolae_yredelemnul_corpse_copse, makhleb_altar_promises_db,
          minmay_misc_feat_ornament
D:5:      layout_loops_ring, mainiacjoe_overflow_alcove_4,
          lemuel_mausoleum_altar_kikubaaqudgha, gammafunk_ghost_necromancy,
          uniq_duvessa
D:6:      layout_loops_corners, minmay_temple_entry_overgrown,
          minmay_manual_monstrance, uniq_pikel
D:7:      layout_loops_ring, chequers_serial_rivers_large_b, uniq_joseph
D:8:      layout_layer_cave, lemuel_crystal_altar, mainiacjoe_overflow_alcove_2,
          uniq_grum
D:9:      layout_stronghold, david_lair_shrubbed
D:10:     layout_stronghold, general_overflow_altar, david_orc_4, serial_shops,
          shop
D:11:     layout_basic, eino_small_chamber_without_monster
D:12:     layout_layer_cave, minmay_stone_trees_medium, uniq_urug, uniq_jorgrun,
          uniq_josephine
D:13:     layout_cave_pools, skrybe_vaults_entry_preservation, uniq_nessos
D:14:     layout_basic, nicolae_elyvilon_peaceful_grove
Temple:   minmay_temple_forest_path

Skill      XL: |  1  2  3  4  5  6  7  8  9 10 11 12 13 |
---------------+----------------------------------------+-----
Fighting       | 3 4 5 7 8 9 |  9.4
Long Blades    | 3 4 5 6 8 9 11 12 14 | 14.4
Dodging        | 3 4 |  4.6
Stealth        | 1 2 3 |  3.4
Armour         | 1 4 6 7 8 |  8.1
Shields        | 1 2 3 4 |  4.2
Evocations     | |  0.1

Action                     |  1- 3 |  4- 6 |  7- 9 | 10-12 | 13-15 || total
---------------------------+-------+-------+-------+-------+-------++-------
  Melee: Falchion          |    51 |       |       |       |       ||    51
         Bite              |    13 |    38 |   102 |   176 |    14 ||   343
         Long sword        |    15 |   129 |   287 |   302 |       ||   733
         Triple sword      |       |       |       |   153 |    36 ||   189
 Invoke: Berserk           |       |       |     1 |    16 |     4 ||    21
  Evoke: Wand              |       |       |       |     1 |       ||     1
    Use: Scroll            |       |     7 |     5 |     7 |     3 ||    22
         Potion            |       |     2 |     3 |     1 |       ||     6
   Stab: Invisible         |       |       |       |     2 |       ||     2
 Armour: Robe              |     8 |    37 |     2 |       |       ||    47
         Skin              |       |    11 |       |       |       ||    11
         Plate armour      |       |       |   130 |   183 |    28 ||   341
  Dodge: Dodged            |    36 |    89 |    77 |   256 |    29 ||   487
  Block: Buckler           |       |       |    43 |    71 |       ||   114
         Other             |       |       |       |    34 |    12 ||    46
         Reflection        |       |       |       |       |     4 ||     4

Table legend: (Time is in decaauts)
 A = Elapsed time spent in this place.
 B = Non-inter-level travel time spent in this place.
 C = Inter-level travel time spent in this place.
 D = Time resting spent in this place.
 E = Time spent auto-exploring this place.
 F = Levels seen in this place.
 G = Mean time per level.
                   A        B        C        D        E       F      G
               +--------+--------+--------+--------+--------+-----+--------+
         Total |  13583 |  12809 |    774 |    972 |   8643 |  15 |  905.5 |
       Dungeon |  13224 |  12506 |    718 |    972 |   8354 |  14 |  944.6 |
        Temple |    358 |    302 |     56 |      0 |    289 |   1 |  358.0 |
               +--------+--------+--------+--------+--------+-----+--------+

Top non-repeatable levels by time:
    D:12: 1639 daAuts
     D:5: 1298 daAuts
    D:11: 1264 daAuts
     D:6: 1192 daAuts
     D:8: 1133 daAuts
     D:3: 1098 daAuts
    D:13: 954 daAuts
     D:7: 944 daAuts
     D:9: 879 daAuts
     D:2: 795 daAuts
     D:4: 771 daAuts
     D:1: 727 daAuts
    D:10: 517 daAuts
  Temple: 358 daAuts
    D:14: 7 daAuts
